 Dungeon Crawl Stone Soup version 0.29.0-13-gc9e81de378 (webtiles) character file.

Game seed: 5231681735408036249

44629 avis the Warrior (level 14, -7/146 HPs)
             Began as a Hill Orc Monk on Sept 9, 2022.
             Was a High Priest of Beogh.
             Mangled by a death yak (12 damage)
             ... on level 5 of the Lair of Beasts.
             The game lasted 02:10:36 (25501 turns).

avis the Warrior (Hill Orc Monk)                   Turns: 25501, Time: 02:10:38

Health: -7/146     AC: 19    Str: 19    XL:     14   Next: 29%
Magic:  24/24      EV:  8    Int: 11    God:    Beogh [*****.]
Gold:   1286       SH:  5    Dex: 13    Spells: 13/13 levels left

rFire   + + +      SeeInvis .   a - +9 war axe "Ypnou" {pain, rF+ rCorr Int-2}
rCold   + . .      Faith    .   E - +0 buckler "Zuh Unny" {rPois}
rNeg    + + .      Spirit   .   Q - +4 chain mail {rF+}
rPois   +          Reflect  .   X - +2 hat
rElec   +          Harm     .   K - +0 cloak of Snakes and Ladders {rF+ rN++}
rCorr   +          Rampage  .   (no gloves)
Will    +....                   m - +1 pair of boots
Stlth   ..........              (no amulet)
HPRegen 0.34/turn               V - ring "Zuloheph" {Wiz rElec Int+3}
MPRegen 0.19/turn               P - ring of Qyphifua {rF+ rC+}

@: no status effects
A: walk on water
a: Renounce Religion, Smiting, Recall Orcish Followers, Give Item to Named
Follower


You were on level 5 of the Lair of Beasts.
You worshipped Beogh.
Beogh was extremely pleased with you.
You visited 4 branches of the dungeon, and saw 18 of its levels.
You also visited: Ossuary, Bailey and Volcano.

You collected 1523 gold pieces.
You spent 237 gold pieces at shops.

Inventory:

Hand Weapons
 a - the +9 war axe "Ypnou" (weapon) {pain, rF+ rCorr Int-2}
   (You found it on level 7 of the Dungeon)

   In the hands of one skilled in necromantic magic, it inflicts extra damage on
   living creatures.
   Int:       It affects your intelligence (-2).
   rF:        It protects you from fire.
   rCorr:     It protects you from acid and corrosion.
 b - a +0 broad axe
 w - a +1 great sword of flaming
Armour
 m - a +1 pair of boots (worn)
 E - the +0 buckler "Zuh Unny" (worn) {rPois}
   (You found it in an ossuary)

   rPois:     It protects you from poison.
 K - the +0 cloak of Snakes and Ladders (worn) {rF+ rN++}
   (You bought it in a shop on level 3 of the Dungeon)

   rF:        It protects you from fire.
   rN:        It greatly protects you from negative energy.
 Q - a +4 chain mail of fire resistance (worn)
 X - a +2 hat (worn)
Jewellery
 P - the ring of Qyphifua (right hand) {rF+ rC+}
   (You found it on level 7 of the Dungeon)

   [ring of protection from cold]

   rF:        It protects you from fire.
   rC:        It protects you from cold.
 V - the ring "Zuloheph" (left hand) {Wiz rElec Int+3}
   (You found it on level 1 of the Lair of Beasts)

   [ring of wizardry]

   It improves your spell success rate.
   Int:       It affects your intelligence (+3).
   rElec:     It insulates you from electricity.
Wands
 h - a wand of flame (45)
 j - a wand of roots (22)
 o - a wand of quicksilver (12)
 r - a wand of charming (9)
Scrolls
 d - a scroll of summoning
 f - 2 scrolls of magic mapping
 k - 3 scrolls of blinking {unknown}
 l - 4 scrolls of amnesia {unknown}
 n - 2 scrolls of enchant weapon {unknown}
 y - 3 scrolls of acquirement {unknown}
 A - 4 scrolls of noise {unknown}
 D - 5 scrolls of butterflies {unknown}
 G - 7 scrolls of teleportation
 I - 2 scrolls of fear
 U - 3 scrolls of poison {unknown}
Potions
 c - 3 potions of lignification
 e - 4 potions of invisibility
 g - a potion of berserk rage
 i - 3 potions of brilliance
 p - 5 potions of flight
 q - 4 potions of curing
 s - 2 potions of might
 t - 2 potions of haste
 u - 6 potions of heal wounds
 x - a potion of ambrosia
 B - a potion of magic
 M - 2 potions of cancellation
Miscellaneous
 O - a phantom mirror


   Skills:
 * Level 19.3 Fighting
 - Level 18.0 Axes
 - Level 5.0 Armour
 - Level 2.4 Dodging
 - Level 1.5 Stealth
 - Level 4.0 Shields
 + Level 13.7 Invocations


You had 13 spell levels left.
You didn't know any spells.
Your spell library contained the following spells:

 Spells                   Type           Power      Damage    Failure   Level
 Beastly Appendage        Tmut           0%         N/A       86%         1
 Magic Dart               Conj           0%         1d3       86%         1
 Shock                    Conj/Air       0%         1d3       86%         1
 Ensorcelled Hibernation  Hex/Ice        0%         N/A       94%         2
 Passwall                 Tmut/Erth      0%         N/A       94%         2
 Scorch                   Fire           0%         2d5       94%         2
 Searing Ray              Conj           0%         2d4       94%         2
 Wereblood                Tmut           0%         N/A       94%         2
 Ozocubu's Armour         Ice            0%         N/A       99%         3
 Portal Projectile        Hex/Tloc       0%         N/A       99%         3
 Spider Form              Tmut/Pois      0%         N/A       99%         3
 Swiftness                Air            0%         N/A       99%         3
 Tukima's Dance           Hex            0%         N/A       99%         3
 Airstrike                Air            0%         2d(0-16)  100%        4
 Flame Wave               Conj/Fire      0%         2d4       100%        4
 Fulminant Prism          Conj/Hex       0%         3d6       100%        4
 Summon Lightning Spire   Summ/Air       0%         N/A       100%        4
 Alistair's Intoxication  Tmut/Pois      0%         N/A       100%        5
 Blade Hands              Tmut           0%         N/A       100%        5
 Borgnjor's Vile Clutch   Necr/Erth      0%         N/A       100%        5
 Eringya's Noxious Bog    Tmut/Pois      0%         N/A       100%        6
 Summon Cactus Giant      Summ           0%         N/A       100%        6
 Ozocubu's Refrigeration  Ice            0%         4d7       100%        7
 Storm Form               Tmut/Air       0%         N/A       100%        7
 Maxwell's Capacitive Co  Air            0%         ∞         100%        8


Dungeon Overview and Level Annotations

Branches:
Dungeon (11/15)            Temple (1/1) D:6            Lair (5/5) D:11
 Shoals (0/4) Lair:3       Spider (0/4) Lair:2        Slime (1/5) Lair:4
Ossuary (visited)          Bailey (visited)         Volcano (visited)
    Orc: D:9-12

Altars:
Ashenzari
Cheibriados
Elyvilon
Fedhas
Makhleb
Nemelex Xobeh
Okawaru
Trog
Uskayaw
Yredelemnul
Zin
The Shining One
Jiyva

Shops:
D:3 ![[   D:8 (

Annotations:
D:8 exclusion: orange crystal statue


Message History

You block the death yak's attack.
You slice the death yak!!
The death yak is almost dead.
You slash the komodo dragon! You slash the death yak! x3
Your orc knight hits the komodo dragon with a +0 whip!
The komodo dragon dies!
Beogh accepts your kill. The death yak gores you!! The death yak gores you.
The death yak gores you!
The death yak gores you but does no damage.
The blink frog croaks.
You slash the death yak!
You kill the death yak!
Beogh accepts your kill.
Your orc knight looks more experienced.
You hit the death yak. You slash the death yak! You hit the death yak.
The blink frog blinks!
Your orc knight hits the death yak with a +0 whip!
You completely miss the death yak.
The death yak is heavily wounded.
You hit the death yak but do no damage. You hit the death yak.
The death yak gores you. x2; The death yak gores you!
* * * LOW HITPOINT WARNING * * *
Unknown command.
You hit the death yak.
The death yak is heavily wounded.
You slash the death yak! x3; The blink frog blinks!
Your orc knight barely misses the death yak.
The death yak gores you but does no damage.
The death yak gores you!
* * * LOW HITPOINT WARNING * * *
The death yak barely misses you. The death yak gores you!
* * * LOW HITPOINT WARNING * * *
You feel much better.
Your orc knight hits the death yak with a +0 whip!
The death yak closely misses you. The death yak gores you!
* * * LOW HITPOINT WARNING * * *
The death yak gores you!
* * * LOW HITPOINT WARNING * * *
The death yak gores you!
You die...

###........
##.........
......F..
###.......
#........
#....§.#
##...YYY#
#...)Y@.##...
##...o.......!
#P....##P.....
#.....# ###.#.
#P..#.# #
##.#.## #. # #


You could see 4 death yaks, a blink frog and a friendly orc knight.

Vanquished Creatures
  Gastronok (D:9)
  A vault guard (Bailey)
  A catoblepas (Lair:4)
  2 hydras
  3 boulder beetles
  2 two-headed ogres
  9 death yaks
  Pikel (D:6)
  A deep elf archer (Volcano)
  3 ugly things
  4 deep elf pyromancers (Volcano)
  Maurice (D:9)
  A slime creature (D:7)
  2 elephants (Lair:5)
  2 black mambas
  2 gargoyles
  Joseph (D:9)
  Maggie (D:7)
  2 unseen horror zombies (D:10)
  5 cane toads
  A komodo dragon (Lair:2)
  Psyche (D:8)
  3 trolls
  A hornet (D:9)
  2 dream sheep (Lair:5)
  2 blink frogs
  Prince Ribbit (D:8)
  Sigmund (D:6)
  2 vampires (D:11)
  18 yaks
  A wraith (D:9)
  4 wyverns
  6 fire elementals (Volcano)
  3 humans (Bailey)
  2 vampire mosquitoes (D:11)
  A steam dragon (D:7)
  An acid dragon (D:7)
  3 hell hounds (Volcano)
  3 water moccasins
  3 sky beasts
  4 orc warriors
  4 black bears
  4 wolves
  3 centaurs
  2 kobold brigands
  A lemure (D:6)
  3 elf skeletons (D:5)
  A gnoll sergeant (D:8)
  15 bullfrogs
  7 necrophages
  4 scorpions
  2 wights (D:7)
  A water moccasin zombie (Ossuary)
  7 killer bees
  4 howler monkeys
  3 electric eels
  6 crimson imps (D:6)
  14 centaur zombies
  2 human zombies
  3 jellies
  3 orc priests (D:7)
  Crazy Yiuf (D:7)
  5 hounds
  7 iguanas
  5 orc wizards
  A scorpion zombie (D:4)
  2 hell rats (D:8)
  A hound zombie (D:4)
  A mummy (Ossuary)
  2 howler monkey zombies
  12 gnolls
  9 adders
  2 river rats (D:8)
  2 shadow imps
  2 white imps (D:6)
  4 ufetubi
  3 adder zombies
  2 dart slugs
  27 orcs
  8 endoplasms
  A giant cockroach (D:1)
  3 gnoll zombies (Ossuary)
  7 goblins
  11 hobgoblins
  51 kobolds
  4 quokkas (D:8)
  5 ball pythons
  5 bats
  A frilled lizard (D:1)
  3 goblin zombies (Ossuary)
  7 hobgoblin zombies (Ossuary)
  An orc skeleton (D:5)
  An orc zombie (D:5)
  A quokka zombie (D:4)
  15 rats
  A bush (D:4)
410 creatures vanquished.

Vanquished Creatures (collateral kills)
  Fannar (D:10)
  A vault guard (Bailey)
  2 hydras
  5 death yaks
  A sea snake (Lair:5)
  An elephant (Lair:5)
  3 black mambas
  5 cane toads
  An unseen horror (D:11)
  A rime drake (Lair:5)
  5 komodo dragons
  A meliai (Lair:2)
  A troll (D:10)
  2 hornets
  3 dream sheep (Lair:5)
  A wyvern (D:10)
  6 yaks
  3 water moccasins
  An ice beast (D:8)
  5 wolves
  3 bullfrogs
  4 killer bees
  2 howler monkeys
  An electric eel (Lair:3)
  An orc priest (D:11)
  2 river rats (D:8)
  An orc (D:11)
  2 quokkas (D:8)
  3 rats (D:8)
  A butterfly (Lair:1)
69 creatures vanquished.

Vanquished Creatures (others)
  A cyclops (D:7)
  A troll (D:7)
  A crimson imp (D:6)
  An orc priest (D:6)
  2 orcs
  A bush (D:4)
  17 fungi
  30 plants
54 creatures vanquished.

Grand Total: 533 creatures vanquished

Notes
Turn   | Place    | Note
-------+----------+-------------------------------------------
     0 | D:1      | avis the Hill Orc Monk began the quest for the Orb.
     0 | D:1      | Reached XP level 1. HP: 19/19 MP: 1/1
    49 | D:1      | Found a faded altar of an unknown god.
   308 | D:1      | Reached XP level 2. HP: 16/27 MP: 2/2
   827 | D:1      | Reached skill level 4 in Fighting
  1261 | D:2      | Reached skill level 5 in Axes
  1297 | D:2      | Reached XP level 3. HP: 25/33 MP: 3/3
  1730 | D:2      | Reached XP level 4. HP: 36/41 MP: 4/4
  1817 | D:3      | Found Xaskuema's Antique Armour Shop.
  2039 | D:3      | Found Ynuwakaf's Distillery.
  2656 | D:3      | Found Kiotol's Antique Armour Shop.
  2893 | D:4      | Noticed a scorpion
  2907 | D:4      | Killed a scorpion
  2908 | D:4      | Reached skill level 5 in Fighting
  2908 | D:4      | Reached XP level 5. HP: 48/48 MP: 5/5
  3130 | D:4      | Reached XP level 6. HP: 29/56 MP: 6/6
  3833 | D:4      | Found a blossoming altar of Fedhas.
  3938 | D:4      | Reached skill level 6 in Fighting
  3938 | D:4      | Reached XP level 7. HP: 48/63 MP: 7/7
  5322 | D:5      | Entered Level 5 of the Dungeon
  5380 | D:5      | Identified the +1 leather armour of the Jolly Quests
                  | {+Blink}
  5440 | D:5      | Found a sand-covered staircase.
  5466 | D:5      | Reached skill level 7 in Fighting
  5466 | D:5      | Reached skill level 10 in Axes
  5466 | D:5      | Reached XP level 8. HP: 63/73 MP: 8/8
  5469 | Ossuary  | Entered an ossuary
  5772 | Ossuary  | Noticed a silent spectre
  5935 | Ossuary  | Identified the +0 buckler "Zuh Unny" {rPois}
  6134 | D:5      | Reached skill level 1 in Shields
  6299 | D:5      | Found a broken altar of Ashenzari.
  6313 | D:5      | Reached skill level 8 in Fighting
  7085 | D:6      | Reached XP level 9. HP: 74/82 MP: 9/9
  7138 | D:3      | Bought a pitted cloak for 237 gold pieces
  7138 | D:3      | Identified the +0 cloak of Snakes and Ladders {rF+ rN++}
                  | (You bought it in a shop on level 3 of the Dungeon)
  7708 | D:6      | Noticed Sigmund
  7721 | D:6      | Killed Sigmund
  7828 | D:6      | Found a staircase to the Ecumenical Temple.
  7833 | Temple   | Entered the Ecumenical Temple
  8089 | D:6      | Reached skill level 9 in Fighting
  9220 | D:6      | Became a worshipper of Beogh the Brigand
  9220 | D:6      | Reached * piety under Beogh
  9220 | D:6      | Reached ** piety under Beogh
  9263 | D:7      | Noticed Pikel
  9517 | D:6      | Killed Pikel
  9518 | D:6      | Reached skill level 10 in Fighting
  9518 | D:6      | Reached XP level 10. HP: 63/94 MP: 10/10
  9681 | D:6      | Reached skill level 11 in Fighting
  9822 | D:7      | Reached skill level 1 in Invocations
 10605 | D:7      | Noticed Maggie
 10616 | D:7      | Killed Maggie
 10906 | D:7      | Found a runed translucent door.
 10909 | D:7      | Noticed Crazy Yiuf
 10917 | D:7      | Killed Crazy Yiuf
 11169 | D:7      | Noticed a brown ugly thing
 11184 | D:7      | Killed a brown ugly thing
 11185 | D:7      | Reached skill level 5 in Invocations
 11553 | D:7      | Noticed a cyclops
 11555 | D:7      | Noticed a gargoyle
 11557 | D:7      | Noticed a boulder beetle
 11569 | D:7      | Reached skill level 15 in Axes
 11578 | D:7      | Killed a cyclops
 11588 | D:7      | Reached XP level 11. HP: 43/104 MP: 14/16
 11600 | D:7      | Killed a boulder beetle
 11618 | D:7      | Reached skill level 12 in Fighting
 11623 | D:7      | Identified the +9 war axe "Ypnou" {pain, rF+ rCorr Int-2}
 11632 | D:7      | Identified the ring of Qyphifua {rF+ rC+}
 12524 | D:8      | Found Cuzikico's Antique Weapon Emporium.
 12529 | D:8      | Noticed Psyche
 12536 | D:8      | Killed Psyche
 12536 | D:8      | Reached *** piety under Beogh
 12569 | D:8      | Noticed an orange crystal statue
 12639 | D:8      | Noticed Prince Ribbit
 12644 | D:8      | Killed Prince Ribbit
 12722 | D:8      | Found a hide-covered altar of Uskayaw.
 12722 | D:8      | Found a bloodstained altar of Trog.
 12730 | D:8      | Found a faded altar of an unknown god.
 12732 | D:8      | Found a burning altar of Makhleb.
 12734 | D:8      | Found a faded altar of an unknown god.
 12784 | D:8      | Found a glowing silver altar of Zin.
 12784 | D:8      | Found a glowing golden altar of the Shining One.
 12784 | D:8      | Found a white marble altar of Elyvilon.
 13458 | D:9      | Gained Bogbrand as an ally
 13545 | D:9      | Noticed a green ugly thing
 13557 | D:9      | Killed a green ugly thing
 13557 | D:9      | Reached **** piety under Beogh
 13580 | D:9      | Noticed a boulder beetle
 13597 | D:9      | Killed a boulder beetle
 13918 | D:9      | Reached skill level 10 in Invocations
 14013 | D:9      | Noticed Joseph
 14026 | D:9      | Killed Joseph
 14218 | D:9      | Reached skill level 1 in Armour
 14320 | D:9      | Noticed a two-headed ogre
 14329 | D:9      | Killed a two-headed ogre
 14330 | D:9      | Reached skill level 13 in Fighting
 14441 | D:9      | Noticed a red ugly thing
 14447 | D:9      | Killed a red ugly thing
 14685 | D:9      | Noticed Gastronok
 14697 | D:9      | Killed Gastronok
 14698 | D:9      | Reached XP level 12. HP: 100/116 MP: 19/19
 14768 | D:9      | Noticed Maurice
 14782 | D:9      | Killed Maurice
 14783 | D:9      | Reached skill level 14 in Fighting
 15503 | D:10     | Entered Level 10 of the Dungeon
 15606 | D:10     | Found a flagged portal.
 15614 | Bailey   | Entered a bailey
 15744 | Bailey   | Noticed a vault guard
 15757 | Bailey   | Killed a vault guard
 15758 | Bailey   | Reached skill level 5 in Armour
 15813 | Bailey   | Noticed a vault guard
 15822 | Bailey   | Killed a vault guard
 15823 | Bailey   | Reached skill level 15 in Fighting
 16170 | D:10     | Found a basalt altar of Yredelemnul.
 16502 | D:10     | Noticed Fannar
 16511 | D:10     | Killed Fannar
 16748 | D:11     | Reached skill level 16 in Fighting
 16754 | D:11     | Noticed a two-headed ogre
 16761 | D:11     | Killed a two-headed ogre
 16877 | D:11     | Noticed a death yak
 16877 | D:11     | Noticed a death yak
 16878 | D:11     | Noticed a death yak
 16878 | D:11     | Noticed a death yak
 16879 | D:11     | Noticed a death yak
 16880 | D:11     | Noticed a death yak
 16880 | D:11     | Noticed a death yak
 16886 | D:11     | Killed a death yak
 16886 | D:11     | Killed a death yak
 16890 | D:11     | Killed a death yak
 16890 | D:11     | Killed a death yak
 16891 | D:11     | Reached XP level 13. HP: 112/130 MP: 21/21
 16900 | D:11     | Found a staircase to the Lair.
 17382 | D:11     | Found an iron altar of Okawaru.
 17653 | D:11     | Reached ***** piety under Beogh
 17653 | D:11     | Gained Syrus as an ally
 18529 | Lair:1   | Entered Level 1 of the Lair of Beasts
 18575 | Lair:1   | Found a dark tunnel.
 18583 | Volcano  | Entered a volcano
 18595 | Volcano  | Reached skill level 17 in Fighting
 19481 | Lair:1   | Identified the ring "Zuloheph" {Wiz rElec Int+3}
 21236 | Lair:2   | Found a hole to the Spider Nest.
 21743 | Lair:2   | Reached skill level 18 in Fighting
 22717 | Lair:3   | Found a staircase to the Shoals.
 23612 | Lair:4   | Found a viscous altar of Jiyva.
 23612 | Lair:4   | Found a staircase to the Slime Pits.
 24412 | Lair:4   | Reached XP level 14. HP: 135/144 MP: 23/23
 25056 | Slime:1  | Entered Level 1 of the Pits of Slime
 25056 | Slime:1  | Noticed an azure jelly
 25076 | Lair:5   | Entered Level 5 of the Lair of Beasts
 25108 | Lair:5   | Reached skill level 19 in Fighting
 25501 | Lair:5   | HP: 5/146 [death yak (15)]
 25501 | Lair:5   | Mangled by a death yak

Illustrated notes

Levels and vault maps discovered:
D:1:      minmay_arrival_arboretum_small, layout_basic,
          ebering_ecumenical_altar_box, minivault_4
D:2:      layout_rooms
D:3:      layout_rooms, serial_shops, shop, shop, shop
D:4:      minmay_goblin_kobold_castle, layout_loops_ring,
          fedhas_altar_decomposition
D:5:      layout_gridville, mainiacjoe_overflow_boulevard,
          nicolae_ossuary_entry_catacombs, serial_rivers,
          chequers_serial_rivers_small_a, chequers_serial_rivers_micro_a,
          chequers_serial_rivers_small_3, chequers_serial_rivers_large_a,
          chequers_serial_rivers_room_b
D:6:      minmay_octagon_keep, layout_basic,
          minmay_temple_entry_statues_pillars, kennysheep_decorative_pillar,
          uniq_sigmund
D:7:      minmay_the_grid_triangle_9x9_rhombus_full
          [minmay_the_grid_triangle_9x9_intruding_spiral,
          minmay_the_grid_triangle_9x9_empty,
          minmay_the_grid_triangle_9x9_impossible_snake,
          minmay_the_grid_triangle_9x9_negative_grid,
          minmay_the_grid_triangle_9x9_empty,
          minmay_the_grid_triangle_9x9_odd_lines,
          minmay_the_grid_triangle_9x9_corruption,
          minmay_the_grid_triangle_9x9_prize_schism], layout_basic,
          minmay_nine_imps, uniq_crazy_yiuf_cottage, uniq_pikel, uniq_maggie
D:8:      lemuel_ratsnest, layout_basic, dreamdust_divine_triumvirate,
          chequers_temple_overflow_minitemple, serial_shops, shop,
          disabler_island, uniq_psyche, uniq_prince_ribbit1
D:9:      minmay_tri_box, layout_loops_corners, minmay_holes, uniq_gastronok,
          uniq_joseph, uniq_maurice
D:10:     layout_cave_pools, nicolae_yredelemnul_corpse_copse, enter_bailey_2,
          uniq_fannar
D:11:     layout_small_grid, dpeg_lair_monsters, okawaru_trees_2
Temple:   compressed_dpeg_triangle_lava_temple
Lair:1:   layout_small_grid, enter_volcano_4, serial_bayou_shore_a,
          lemuel_fruit_fields, grunt_megastairs_4
Lair:2:   layout_regular_city, hellmonk_spider_entry_not_the_bees,
          minmay_hedge_maze, nicolae_quartered_pool_medium, serial_bayou_shore_b
Lair:3:   layout_cave_pods, elwin_shoals_entry_rocks, serial_bayou_lake_a
Lair:4:   layout_layer_cave, slime_entry_1
Lair:5:   gammafunk_lair_ancient_temple, layout_gridlike, st_stairs_13,
          uniq_sonja
Slime:1:  layout_caves

Skill      XL: |  1  2  3  4  5  6  7  8  9 10 11 12 13 14 |
---------------+-------------------------------------------+-----
Fighting       | 4 5 6 7 8 10 11 13 16 18 19 | 19.3
Axes           | 5 6 7 8 10 12 14 15 16 17 18 | 18.0
Shields        | 2 4 |  4.0
Invocations    | 6 10 11 13 | 13.7
Armour         | 3 5 |  5.0
Dodging        | |  2.4
Stealth        | |  1.5

Action                   |  1- 3 |  4- 6 |  7- 9 | 10-12 | 13-15 || total
-------------------------+-------+-------+-------+-------+-------++-------
Melee: Hand axe          |    85 |   217 |   722 |    63 |       ||  1087
       Punch             |     1 |     2 |     5 |       |       ||     8
       Short sword       |       |    40 |       |       |       ||    40
       War axe           |       |       |       |   487 |   303 ||   790
       Flail             |       |       |       |       |    16 ||    16
Throw: Dart              |       |       |       |     5 |       ||     5
Invok: Convert to Beogh  |       |       |     1 |       |       ||     1
       Recall Orcish Fol |       |       |       |     1 |     4 ||     5
       Smiting           |       |       |       |       |     4 ||     4
       Stop Recall       |       |       |       |       |     1 ||     1
       Give Item to Name |       |       |       |       |     2 ||     2
Evoke: Wand              |       |       |     2 |     3 |       ||     5
  Use: Potion            |       |     2 |     1 |     4 |     1 ||     8
       Scroll            |       |       |     4 |    10 |     7 ||    21
 Stab: Sleeping          |       |       |     3 |       |       ||     3
       Distracted        |       |       |     1 |     3 |     2 ||     6
       Invisible         |       |       |       |    14 |       ||    14
Armor: Robe              |    10 |       |       |       |       ||    10
       Ring mail         |    15 |     2 |       |   138 |    53 ||   208
       Chain mail        |       |   104 |   115 |       |   128 ||   347
       Leather armour    |       |       |   157 |    13 |       ||   170
Dodge: Dodged            |    47 |    57 |   318 |   242 |   115 ||   779
Block: Buckler           |       |       |    63 |    96 |    50 ||   209
